 Dungeon Crawl Stone Soup version 0.30.1-9-gdf580d7c3d (webtiles) character file.

Game seed: 9450283367402248598

306 KittyFluff the Cudgeller (level 6, -5/38 HPs)
             Began as a Gargoyle Berserker on Oct 19, 2023.
             Was a Believer of Trog.
             Slain by an ogre
             ... wielding a +0 giant club
              (20 damage)
             ... on level 4 of the Dungeon.
             The game lasted 00:13:01 (3672 turns).

KittyFluff the Cudgeller (Gargoyle Berserker)       Turns: 3672, Time: 00:13:01

Health: -5/38      AC:  9    Str: 23    XL:     6   Next: 39%
Magic:  6/6        EV: 11    Int:  7    God:    Trog [**....]
Gold:   163        SH:  4    Dex:  9    Spells: 5/5 levels left

rFire   . . .        b - +3 whip
rCold   . . .        d - +0 buckler
rNeg    + . .        o - +0 leather armour
rPois   ∞            (no helmet)
rElec   +            i - scarf {+Inv}
rCorr   .            f - +0 pair of gloves
SInv    .            (no boots)
Will    .....        (no amulet)
Stlth   +            (no ring)
HPRegen 0.26/turn    (no ring)
MPRegen 0.10/turn

%: no passive effects
@: no status effects
A: sickness immunity, AC +4, negative energy resistance 1, electricity
resistance, torment resistance 1, petrification resistance
a: Renounce Religion, Evoke Invisibility, Berserk, Trog's Hand


You were on level 4 of the Dungeon.
You worshipped Trog.
Trog was pleased with you.
You visited 1 branch of the dungeon, and saw 4 of its levels.

You collected 163 gold pieces.

Inventory:

Hand Weapons
 a - a +0 mace
 b - a +3 whip (weapon)
Missiles
 e - 6 poisoned darts (quivered)
 r - a boomerang
Armour
 d - a +0 buckler (worn)
 f - a +0 pair of gloves (worn)
 i - a scarf of invisibility (worn)
 o - a +0 leather armour (worn)
Scrolls
 g - a scroll of identify
 h - a scroll of enchant armour {unknown}
 j - 3 scrolls of enchant weapon {unknown}
 k - a scroll of poison {unknown}
 l - 3 scrolls of amnesia {unknown}
 n - a scroll of teleportation {unknown}
Potions
 c - 5 potions of flight
 m - 2 potions of curing
 p - a potion of heal wounds
 q - a potion of attraction {unknown}


   Skills:
 + Level 4.1 Fighting
 * Level 4.5 Maces & Flails
 * Level 4.2 Armour
 + Level 2.3 Dodging
 + Level 2.3 Shields


You had 5 spell levels left.
You didn't know any spells.
Your spell library was empty.

Dungeon Overview and Level Annotations

Branches:
Dungeon (4/15)
 Temple: D:4-7

Altars:

Shops:
D:3 [


Innate Abilities, Weirdness & Mutations

You are immune to sickness and miasma.
Your stone body is resilient. (AC +4)
You are immune to poison.
You resist negative energy. (rN+)
You are resistant to electric shocks. (rElec)
You are resistant to unholy torment.
You are immune to petrification.


Message History

The adder is severely wounded.
The adder closely misses you. The adder bites you but does no damage.
You hit the adder.
You kill the adder!
Trog accepts your kill.
j - 3 scrolls labelled MOECOESILL (gained 1)
Items here: )) [[ ††.
Okay, then.
Things that are here:
a +0 hand axe; a +0 club; an orc corpse
q - a coppery potion
Things that are here:
a +0 short sword; a boomerang; an orc corpse
r - a boomerang An orc comes into view. It is wielding a +0 short sword.
The orc shouts!
You whack the orc!
You kill the orc!
Trog accepts your kill.
Things that are here:
a +0 short sword; an orc corpse An ufetubus comes into view.
The ufetubus shouts!
You whack the ufetubus!
You kill the ufetubus!
Trog accepts your kill.
You open the door.
There is an open door here.
There is an open door here.
There is an open door here.
An ogre comes into view. It is wielding a +0 giant club.
The ogre shouts!
The ogre hits you with a +0 giant club!!
Ouch! That really hurt!
You closely miss the ogre. You hit the ogre.
The ogre is lightly wounded.
The ogre hits you with a +0 giant club!!
Ouch! That really hurt!
You die...

.# ##.....## .#
##...## .# ##'## .#
#.####### .# #.......#
.# ##.#####.#
.########...## #.#
.#...........###.###.#
.#.######.......@O...#
.#.###.......###.#####
.......###.### #.#
##.##### #.### #.# #.#
#... ..# #.#######.#
### #.........#
#########.# #.#


You could see an ogre.

Vanquished Creatures
  A scorpion (D:3)
  An orc priest (D:3)
  Jessica (D:2)
  Terence (D:2)
  6 adders
  An ufetubus (D:4)
  3 worms
  2 dart slugs
  12 orcs
  6 ball pythons
  8 endoplasms
  2 giant cockroaches
  4 goblins
  10 hobgoblins
  3 quokkas
  7 bats
  3 frilled lizards
  8 kobolds
  6 rats
85 creatures vanquished.

Notes
Turn   | Place    | Note
-------+----------+-------------------------------------------
     0 | D:1      | KittyFluff the Gargoyle Berserker began the quest for the
                  | Orb.
     0 | D:1      | Reached XP level 1. HP: 14/14 MP: 1/1
   390 | D:1      | Reached XP level 2. HP: 10/19 MP: 2/2
   671 | D:1      | Reached XP level 3. HP: 23/23 MP: 3/3
   730 | D:1      | Reached ** piety under Trog
   943 | D:2      | Noticed Terence
   967 | D:2      | Killed Terence
   968 | D:2      | Reached skill level 1 in Shields
   968 | D:2      | Reached XP level 4. HP: 4/28 MP: 4/4
  1095 | D:2      | Noticed Jessica
  1122 | D:2      | HP: 1/28 [Jessica/+0 club (3)]
  1124 | D:2      | Killed Jessica
  1654 | D:2      | Reached XP level 5. HP: 33/33 MP: 5/5
  2170 | D:3      | Found a faded altar of an unknown god.
  2646 | D:3      | Reached XP level 6. HP: 38/38 MP: 6/6
  3086 | D:3      | Found Miohain's Armour Shoppe.
  3672 | D:4      | Slain by an ogre

Illustrated notes

Levels and vault maps discovered:
D:1:      evilmike_arrival_rings, layout_basic, minmay_misc_feat_more_columns
D:2:      layout_basic, grunt_ministairs_4, uniq_terence, uniq_jessica
D:3:      layout_basic, serial_shops, shop, ebering_ecumenical_altar_mist,
          serial_bayou_lake_a
D:4:      layout_loops_corners, minitemple,
          minmay_temple_entry_statues_fountains, uniq_duvessa

Skill      XL: |  1  2  3  4  5  6 |
---------------+-------------------+-----
Armour         | 3 4 |  4.2
Shields        | 1 2 |  2.3
Dodging        | 2 |  2.3
Maces & Flails | 4 |  4.5
Fighting       | 4 |  4.1

Action                     |  1- 3 |  4- 6 || total
---------------------------+-------+-------++-------
  Melee: Mace              |    86 |   142 ||   228
         Whip              |       |   104 ||   104
 Invoke: Berserk           |     1 |     1 ||     2
    Use: Potion            |       |     1 ||     1
         Scroll            |       |     3 ||     3
   Stab: Sleeping          |     1 |       ||     1
 Armour: Animal skin       |    26 |    72 ||    98
         Leather armour    |       |    32 ||    32
  Dodge: Dodged            |    36 |   119 ||   155
  Block: Buckler           |     9 |    45 ||    54
